 Dungeon Crawl Stone Soup version 0.29.0-5-ge4962eb29e (webtiles) character file.

Game seed: 3508160983236407596

1099 Arcadio the Ducker (level 8, -2/52 HPs)
             Began as a Merfolk Venom Mage on Aug 29, 2022.
             Slain by a manticore (3 damage)
             ... on level 6 of the Dungeon.
             The game lasted 00:24:18 (7436 turns).

Arcadio the Ducker (Merfolk Venom Mage)             Turns: 7436, Time: 00:24:20

Health: -2/52      AC:  6    Str:  8    XL:     8   Next: 32%
Magic:  25/25      EV: 15    Int: 17    God:
Gold:   309        SH:  0    Dex: 14    Spells: 3/17 levels left

rFire   . . .      SeeInvis .   t - +0 trident (flame)
rCold   . . .      Faith    .   (no shield)
rNeg    . . .      Spirit   .   a - +0 robe
rPois   .          Reflect  .   (no helmet)
rElec   .          Harm     .   (no cloak)
rCorr   .          Rampage  .   (no gloves)
Will    .....                   (no boots)
Stlth   ++........              o - amulet of magic regeneration
HPRegen 0.17/turn               l - ring of magical power
MPRegen 0.59/turn               B - +4 ring of protection

@: no status effects
A: (nimble swimmer 2), mertail
a: no special abilities


You were on level 6 of the Dungeon.
You visited 1 branch of the dungeon, and saw 6 of its levels.

You collected 309 gold pieces.

Inventory:

Hand Weapons
 c - a +0 hand axe
 i - a +0 dagger
 t - a +0 trident of flaming (weapon)
Armour
 a - a +0 robe (worn)
 p - a +0 leather armour
 r - a +0 ring mail
 w - a +0 buckler
Jewellery
 k - an amulet of reflection
 l - a ring of magical power (left hand)
 o - an amulet of magic regeneration (around neck)
 B - a +4 ring of protection (right hand)
Wands
 n - a wand of quicksilver (3)
 D - a wand of iceblast (14)
Scrolls
 e - a scroll of magic mapping {unknown}
 g - a scroll of vulnerability
 h - 2 scrolls of butterflies
 y - a scroll of summoning {unknown}
 E - a scroll of enchant armour {unknown}
Potions
 b - 2 potions of magic
 d - 5 potions of curing
 f - a potion of lignification {unknown}
 j - a potion of experience {unknown}
 m - a potion of flight {unknown}
 q - 2 potions of cancellation
 s - a potion of might {unknown}
 u - 3 potions of attraction {unknown}
 x - a potion of berserk rage {unknown}
 A - 2 potions of mutation {unknown}


   Skills:
 + Level 7.6 Dodging
 - Level 2.1 Stealth
 + Level 5.4 Spellcasting
 - Level 1.3 Transmutations
 + Level 6.9 Poison Magic


You had 3 spell levels left.
You knew the following spells:

 Your Spells              Type           Power      Damage    Failure   Level
a - Sting                 Tmut/Pois      72%        1d6       2%          1
b - Poisonous Vapours     Pois/Air       32%        N/A       4%          2
c - Olgreb's Toxic Radia  Pois           28%        N/A       8%          4
d - Mephitic Cloud        Conj/Pois/Air  12%        N/A       16%         3
e - Passwall              Tmut/Erth      5%         N/A       16%         2
f - Blink                 Tloc           8%         N/A       21%         2

Your spell library contained the following spells:

 Spells                   Type           Power      Damage    Failure   Level
 Ensorcelled Hibernation  Hex/Ice        8%         N/A       21%         2
 Searing Ray              Conj           8%         2d4       21%         2
 Lesser Beckoning         Tloc           4%         N/A       38%         3
 Swiftness                Air            4%         N/A       38%         3
 Sticky Flame             Conj/Fire      4%         2d3       80%         4
 Iskenderun's Battlesphe  Conj           4%         2d6       98%         5
 Manifold Assault         Tloc           4%         N/A       98%         5


Dungeon Overview and Level Annotations

Branches:
Dungeon (6/15) Zot: 26095
 Temple: D:4-7

Altars:
Xom

Annotations:
D:5 exclusion: downstairs
D:6 Sigmund


Innate Abilities, Weirdness & Mutations

((You are very nimble when in or above water. (Stealth+, EV+, Speed+++)))
Your lower body shifts to a powerful aquatic tail in water.


Message History

You fade into invisibility!
The manticore bites you!! The manticore misses you. The manticore claws you!
The manticore misses you. The manticore barely misses you. x2
The manticore flicks its tail.
The volley of spikes hits you!
The barbed spikes become lodged in your body.
* * * LOW HITPOINT WARNING * * *
Your magical effects are unravelling.
You feel magically purged.
You flicker back into view.
The manticore flicks its tail.
The volley of spikes misses you.
The barbs in your skin will harm you if you move.
Continue? [Y]es or [N]o only, please.
The barbs in your skin will harm you if you move.
Continue?
Okay, then.
You feel much better.
You fade into invisibility!
The manticore bites you but does no damage.
The manticore claws you. The manticore misses you.
Your magical effects are unravelling.
You feel magically purged.
You flicker back into view.
The manticore closely misses you. The manticore claws you.
The manticore claws you!
The barbs in your skin will harm you if you move.
Continue?
Okay, then.
Drinking this now will have no effect.
The barbs in your skin will harm you if you move.
Continue? [Y]es or [N]o only, please.
The barbs in your skin will harm you if you move.
Continue?
Okay, then.
Okay, then.
As you read the scroll labelled NEAKIPR BALIH, it crumbles to dust.
You hear the tinkle of a tiny bell.
It was a scroll of butterflies.
You carefully extract the barbed spikes from your body.
The manticore bites you!!
* * * LOW HITPOINT WARNING * * *
The manticore closely misses you. The manticore claws you.
You die...

#......##########.##.K
#...........# #......4
#......####.# #....###
#......# #....# #
#####.## #....# #
#######<#.### #..H.# #
#.......bbb.# #....# #
#.#####.#b#.# #+#
#.###...#@#... #.#
#.....#.#H##.## #.#
################b##.#
#.#
#............)......#
#.#
#.##############.##.#
#.# #.# ...#.# #.# #.#
##### #.# #.# #.# #.#
#.#


You could see a manticore (poisoned, ally target).

Vanquished Creatures
  A sky beast (D:6)
  An ogre (D:5)
  2 phantoms
  A kobold brigand (D:6)
  A necrophage (D:5)
  A gnoll sergeant (D:5)
  A jelly (D:6)
  A hound (D:6)
  3 orc priests
  A gnoll bouda (D:5)
  An orc wizard (D:6)
  13 adders
  14 gnolls
  A white imp (D:6)
  A dart slug (D:4)
  19 orcs
  6 endoplasms
  A giant cockroach (D:4)
  9 goblins
  6 hobgoblins
  6 quokkas
  6 ball pythons
  4 bats
  3 frilled lizards
  16 kobolds
  8 rats
127 creatures vanquished.

Notes
Turn   | Place    | Note
-------+----------+-------------------------------------------
     0 | D:1      | Arcadio the Merfolk Venom Mage began the quest for the Orb.
     0 | D:1      | Reached XP level 1. HP: 13/13 MP: 3/3
   244 | D:1      | Reached skill level 3 in Dodging
   316 | D:1      | Reached XP level 2. HP: 19/19 MP: 3/5
   492 | D:1      | Learned a level 2 spell: Poisonous Vapours
   981 | D:1      | Reached XP level 3. HP: 24/24 MP: 1/6
  2411 | D:2      | Reached XP level 4. HP: 30/30 MP: 8/8
  2528 | D:2      | Found a faded altar of an unknown god.
  2883 | D:3      | Reached skill level 4 in Dodging
  3006 | D:3      | Learned a level 4 spell: Olgreb's Toxic Radiance
  3279 | D:3      | Found a shimmering altar of Xom.
  3905 | D:4      | Reached XP level 5. HP: 13/35 MP: 9/9
  4560 | D:4      | Noticed a phantom
  4578 | D:4      | Killed a phantom
  4579 | D:4      | Reached skill level 5 in Dodging
  4579 | D:4      | Reached skill level 5 in Poison Magic
  4579 | D:4      | Reached XP level 6. HP: 22/41 MP: 11/11
  5057 | D:4      | Learned a level 3 spell: Mephitic Cloud
  5260 | D:4      | Learned a level 2 spell: Passwall
  5449 | D:5      | Entered Level 5 of the Dungeon
  5483 | D:5      | Got Aticwiep's Directory of Confrontation
  5679 | D:5      | Reached XP level 7. HP: 32/46 MP: 13/13
  5695 | D:5      | Reached skill level 6 in Dodging
  6505 | D:5      | Learned a level 2 spell: Blink
  6540 | D:6      | Noticed Sigmund
  6602 | D:6      | Noticed a kobold demonologist
  6609 | D:6      | Noticed an ice devil
  6687 | D:6      | Reached skill level 7 in Dodging
  6720 | D:6      | Reached skill level 5 in Spellcasting
  6720 | D:6      | Reached XP level 8. HP: 33/52 MP: 15/15
  7358 | D:6      | Noticed a manticore
  7436 | D:6      | HP: 1/52 [manticore (19)]
  7436 | D:6      | Slain by a manticore

Illustrated notes

Levels and vault maps discovered:
D:1:      grunt_arrival_crossed_arrows, layout_basic,
          minmay_misc_feat_secret_circle
D:2:      layout_loops_corners, basic_ecumenical_altar, minmay_misc_feat_x
D:3:      layout_loops_ring, lemuel_round_altar, serial_bayou_ford_a
D:4:      minmay_skewed_foursquare, layout_basic, chequers_garden,
          minmay_fountain_box, dreamdust_mushroom_princess,
          guppyfry_early_lair_pool
D:5:      layout_loops_cross, hangedman_decor_clover_reticule
D:6:      layout_basic, minivault_24, minmay_manual_monolith, uniq_sigmund

Skill      XL: |  1  2  3  4  5  6  7 |
---------------+----------------------+-----
Dodging        | 3 4 5 7 |  7.6
Poison Magic   | 4 5 6 |  6.9
Spellcasting   | 3 4 5 |  5.4
Stealth        | |  2.1
Transmutations | |  1.3

Action                   |  1- 3 |  4- 6 |  7- 9 || total
-------------------------+-------+-------+-------++-------
Melee: Hand axe          |    12 |       |       ||    12
       Dagger            |    32 |    14 |       ||    46
       Tailslap          |       |     2 |       ||     2
       Trident           |       |    32 |    37 ||    69
       Punch             |       |     1 |       ||     1
 Cast: Sting             |    35 |    28 |    38 ||   101
       Poisonous Vapours |    17 |    69 |    24 ||   110
       Olgreb's Toxic Ra |       |     5 |     5 ||    10
Evoke: Wand              |       |       |     7 ||     7
  Use: Scroll            |       |     4 |     4 ||     8
       Potion            |       |       |     8 ||     8
 Stab: Distracted        |     1 |       |       ||     1
       Sleeping          |     2 |       |       ||     2
Armor: Robe              |    11 |     7 |    17 ||    35
Dodge: Dodged            |    22 |    32 |    60 ||   114
Block: Other             |     4 |     2 |       ||     6
